 Dungeon Crawl Stone Soup version 0.24.1-14-gf8d2b50 (webtiles) character file.

Game seed: 17352199959464150391, levelgen mode: deterministic

762 Balder the Cleaver (level 7, -1/61 HPs)
             Began as a Hill Orc Berserker on July 3, 2020.
             Was a Priest of Trog.
             Slain by Edmund
             ... wielding a +2 dire flail of draining
              (3 damage)
             ... on level 5 of the Dungeon on July 4, 2020.
             The game lasted 00:20:14 (4582 turns).

Balder the Cleaver (Hill Orc Berserker)             Turns: 4582, Time: 00:20:15

Health: -1/61      AC:  8    Str: 20    XL:     7   Next: 81%
Magic:  7/7        EV:  7    Int:  7    God:    Trog [***...]
Gold:   196        SH:  0    Dex: 12    Spells: 6/6 levels left

rFire    + . .     SeeInvis .   b - +0 war axe
rCold    . . .     Gourm    .   (no shield)
rNeg     . . .     Faith    .   w - +0 chain mail
rPois    .         Spirit   .   (no helmet)
rElec    .         Reflect  .   (no cloak)
rCorr    .         Harm     .   (no gloves)
MR       ++...                  (no boots)
Stlth    ..........             (no amulet)
HPRegen  1.20/turn              (no ring)
MPRegen  0.10/turn              x - ring of protection from fire

@: berserk cooldown, regenerating, slowed, very heavily drained, very slow
A: no striking features
a: Berserk, Trog's Hand, Renounce Religion


You were on level 5 of the Dungeon.
You worshipped Trog.
Trog was most pleased with you.
You were not hungry.

You visited 1 branch of the dungeon, and saw 5 of its levels.

You collected 196 gold pieces.

Inventory:

Hand Weapons
 a - a +1 hand axe
 b - a +0 war axe (weapon)
 f - a +1 mace of protection
Missiles
 l - 2 boomerangs
 m - 20 poisoned darts (quivered)
Armour
 w - a +0 chain mail (worn)
Jewellery
 e - an uncursed ring of fire {unknown}
 x - a ring of protection from fire (right hand)
Wands
 A - a wand of polymorph (8)
Scrolls
 d - 2 scrolls of enchant armour {unknown}
 g - 3 scrolls of teleportation {unknown}
 i - 3 scrolls of identify
 o - 3 scrolls of remove curse
 p - 2 scrolls of fog {unknown}
 s - 2 scrolls of fear {unknown}
 v - a scroll of blinking {unknown}
 y - 2 scrolls of immolation {unknown}
 C - a scroll of amnesia {unknown}
Potions
 h - a potion of curing
 j - a potion of lignification {unknown}
 k - 3 potions of agility
 n - a potion of heal wounds {unknown}
 q - a potion of ambrosia {unknown}
 r - a potion of resistance {unknown}
 t - a potion of invisibility {unknown}
 u - 3 potions of magic
 z - a potion of might
 B - a potion of berserk rage {unknown}
Comestibles
 c - 4 rations


   Skills:
 * Level 5.6(1.8) Fighting
 * Level 8.0(3.9) Axes
 + Level 0.8(0.0) Throwing
 * Level 5.2(1.4) Armour
 * Level 2.6(0.0) Dodging
 * Level 0.7(0.0) Evocations


You had 6 spell levels left.
You didn't know any spells.
Your spell library was empty.

Dungeon Overview and Level Annotations

Branches:
Dungeon (5/15)             Temple (0/1) D:4

Altars:
Elyvilon
Hepliaklqana
Nemelex Xobeh

Annotations:
D:5 Edmund, Prince Ribbit


Message History

Edmund hits you with a +2 dire flail of draining.
* * * LOW HITPOINT WARNING * * *
You feel drained.
You closely miss Edmund.
Edmund is heavily wounded.
Edmund hits you but does no damage.
You feel drained.
You hit Edmund but do no damage.
Edmund is heavily wounded.
Edmund hits you with a +2 dire flail of draining.
* * * LOW HITPOINT WARNING * * *
You feel drained.
* * * LOW HITPOINT WARNING * * *
Edmund hits you but does no damage.
You feel drained.
You slash Edmund!
Edmund is severely wounded.
Edmund hits you with a +2 dire flail of draining!
* * * LOW HITPOINT WARNING * * *
You feel drained.
Edmund hits you with a +2 dire flail of draining.
You die...

.#.#. #.......#.#..
..... ##.####.#.#..
#...# #.#..#.#.#..
#.).# #.#..#.#.#..
... #.#..#.#.#..
#F#####.#..#.#.#..
#r#.....#....#.#..
#@#.#####.#....#.. #
#@#............#..
#.#.####....######..
#........##.# #..
###########.# #.#
#.######.#
#........#
##########


You could see Edmund, Prince Ribbit and a quokka.

Vanquished Creatures
  Sigmund (D:5)
  An ogre (D:4)
  A howler monkey (D:4)
  2 hounds
  An orc wizard (D:3)
  A gnoll shaman (D:4)
  Ijyb (D:4)
  2 worker ants (D:4)
  Robin (D:4)
  12 gnolls
  4 adders
  2 shadow imps
  2 dart slugs
  4 worms
  4 leopard geckos
  6 orcs
  3 giant cockroaches
  17 goblins
  9 hobgoblins
  15 jackals
  5 kobolds
  4 quokkas
  A ball python (D:1)
  3 bats
  6 frilled lizards
  A leopard gecko skeleton (D:5)
  7 rats
116 creatures vanquished.

Vanquished Creatures (others)
  4 toadstools (D:1)
4 creatures vanquished.

Grand Total: 120 creatures vanquished

Notes
Turn   | Place    | Note
-------+----------+-------------------------------------------
     0 | D:1      | Balder the Hill Orc Berserker began the quest for the Orb.
     0 | D:1      | Reached XP level 1. HP: 19/19 MP: 1/1
    57 | D:1      | Reached XP level 2. HP: 16/27 MP: 2/2
   783 | D:2      | Reached XP level 3. HP: 31/33 MP: 3/3
  1284 | D:2      | Reached XP level 4. HP: 15/41 MP: 4/4
  1287 | D:2      | Reached ** piety under Trog
  1287 | D:2      | Reached skill level 5 in Axes
  2059 | D:3      | Reached XP level 5. HP: 39/47 MP: 5/5
  2637 | D:3      | Reached *** piety under Trog
  2865 | D:4      | Noticed Ijyb
  2876 | D:4      | Killed Ijyb
  2878 | D:4      | Noticed Robin
  3038 | D:4      | Killed Robin
  3038 | D:4      | Reached XP level 6. HP: 52/55 MP: 6/6
  3108 | D:4      | Reached skill level 6 in Axes
  3182 | D:4      | Reached skill level 5 in Fighting
  3508 | D:4      | Reached skill level 7 in Axes
  3508 | D:4      | Reached XP level 7. HP: 36/61 MP: 7/7
  3748 | D:4      | Found a staircase to the Ecumenical Temple.
  3926 | D:4      | Found a white marble altar of Elyvilon.
  4177 | D:4      | Found a sparkling altar of Nemelex Xobeh.
  4268 | D:5      | Entered Level 5 of the Dungeon
  4283 | D:5      | Noticed Sigmund
  4301 | D:5      | Killed Sigmund
  4301 | D:5      | Reached skill level 5 in Armour
  4459 | D:5      | Found a hazy altar of Hepliaklqana.
  4550 | D:5      | Noticed Prince Ribbit
  4550 | D:5      | Noticed Edmund
  4562 | D:5      | Reached skill level 8 in Axes
  4582 | D:5      | HP: 2/61 [Edmund/+2 dire flail of draining (9)]
  4582 | D:5      | Slain by Edmund

Levels and vault maps discovered:
D:1:      ldierk_walled_garden_2, layout_basic
D:2:      layout_basic
D:3:      layout_basic, chequers_serial_rivers_micro_c
D:4:      layout_cave_pools, marbit_many_paths, nicolae_overflow_hidden_temple,
          minmay_temple_entry_mist, uniq_ijyb, uniq_robin
D:5:      minmay_general_purpose_star, layout_basic, kennysheep_little_box,
          first_ration, serial_glass, glass_columns_a, glass_columns_a,
          uniq_edmund, uniq_sigmund, uniq_prince_ribbit1

Skill      XL: |  1  2  3  4  5  6  7 |
---------------+----------------------+-----
Fighting       | 4 5 |  5.6
Axes           | 5 7 8 |  8.0
Armour         | 3 4 5 |  5.2
Dodging        | 2 |  2.6
Throwing       | |  0.8
Evocations     | |  0.7

Action                   |  1- 3 |  4- 6 |  7- 9 || total
-------------------------+-------+-------+-------++-------
Melee: Hand axe          |   117 |   237 |     5 ||   359
       War axe           |       |       |    63 ||    63
Throw: Dart              |     3 |    19 |     4 ||    26
Invok: Berserk           |     1 |     2 |     1 ||     4
       Trog's Hand       |       |     2 |     2 ||     4
Evoke: Wand              |       |       |     1 ||     1
  Use: Scroll            |     1 |     1 |     3 ||     5
       Potion            |       |     1 |     3 ||     4
  Eat: Chunk             |     1 |     8 |     2 ||    11
       Ration            |       |     1 |     1 ||     2
Armor: Animal skin       |     5 |       |       ||     5
       Scale mail        |    43 |     1 |       ||    44
       Chain mail        |       |   112 |    34 ||   146
Dodge: Dodged            |    78 |    88 |    29 ||   195
